 Dungeon Crawl Stone Soup version 0.18.1-50-g88ac8fd (webtiles) character file.

1084 Lovchig the Covert (level 8, -1/54 HPs)
             Began as an Octopode Assassin on Sept 15, 2016.
             Was a Follower of Nemelex Xobeh.
             Killed from afar by an electric eel (13 damage)
             ... with a bolt of electricity
             ... on level 6 of the Dungeon.
             The game lasted 00:17:02 (4462 turns).

Lovchig the Covert (Octopode Assassin)              Turns: 4462, Time: 00:17:02

Health: -1/54      AC:  1    Str: 10    XL:     8   Next: 30%
Magic:  8/8        EV: 15    Int: 13    God:    Nemelex Xobeh [*.....]
Gold:   300        SH:  0    Dex: 16    Spells: 0 memorised, 7 levels left

rFire  . . .     SeeInvis .     k - +1 dagger (venom)
rCold  + . .     Gourm    .     (no shield)
rNeg   . . .     Faith    .     (helmet restricted)
rPois  .         Spirit   .     (no amulet)
rElec  .         Dismiss  .     A - ring of protection from cold
rCorr  .         Reflect  .     (no ring)
SustAt .         Harm     .     (no ring)
MR     .....                    (no ring)
Stlth  +++++++...               (no ring)
                                (no ring)
                                (no ring)
                                (no ring)

@: not resistant to hostile enchantments, extremely stealthy
A: almost no armour, amphibious, 8 rings, constrict 8, camouflage 1, gelatinous
body 1
a: Renounce Religion


You were on level 6 of the Dungeon.
You worshipped Nemelex Xobeh.
Nemelex Xobeh was aware of your devotion.
You were not hungry.

You visited 2 branches of the dungeon, and saw 7 of its levels.

You collected 300 gold pieces.

Inventory:

Hand Weapons
 k - a +1 dagger of venom (weapon)
Jewellery
 A - a ring of protection from cold (left tentacle)
Wands
 a - a wand of iceblast (6/15)
 i - a wand of slowing (19/48)
 m - a wand of confusion (22/48)
 w - a wand of iceblast (5/15)
 y - a wand of paralysis (13/24)
Scrolls
 d - 8 scrolls of remove curse
 j - a scroll of enchant weapon
 s - a scroll of teleportation
 u - 3 scrolls of amnesia
Potions
 e - a potion of brilliance
 g - 2 potions of heal wounds
 h - a potion of curing
 l - a potion of agility
 p - a potion of berserk rage
 q - a potion of mutation {unknown}
 r - a potion of cure mutation {unknown}
 t - a potion of magic {unknown}
 x - a potion of resistance {unknown}
 z - a potion of invisibility {unknown}
Books
 C - a book of Summonings

   Spells                             Type                      Level
   a - Recall                         Summoning/Translocation      3
   b - Aura of Abjuration             Summoning                    5
   c - Summon Demon                   Summoning                    5
   d - Summon Forest                  Summoning/Translocation      5
   e - Summon Mana Viper              Hexes/Summoning              5
   f - Shadow Creatures               Summoning                    6
Miscellaneous
 o - a plain deck of destruction
 v - a legendary deck of war
Comestibles
 b - 2 royal jellies
 c - 5 meat rations
 f - 6 bread rations
 n - a beef jerky
 B - 2 chunks of flesh


   Skills:
 * Level 4.0 Fighting
 * Level 3.6 Short Blades
 - Level 2.0 Throwing
 * Level 4.7 Dodging
 * Level 10.8 Stealth


You had 7 spell levels left.
You didn't know any spells.

Dungeon Overview and Level Annotations

Branches:
Dungeon (6/15)             Temple (1/1) D:4

Altars:
Ashenzari
Cheibriados
Dithmenos
Elyvilon
Fedhas
Gozag
Kikubaaqudgha
Makhleb
Nemelex Xobeh
Okawaru
Pakellas
Trog
Vehumet
Xom
Yredelemnul
Zin
The Shining One

Shops:
D:4 *


Innate Abilities, Weirdness & Mutations

You cannot wear most types of armour.
You are amphibious.
You can wear up to eight rings at the same time.
You can use your tentacles to constrict eight enemies at once.
Your skin changes colour to match your surroundings (Stealth).
Your rubbery body absorbs attacks (AC +1).


Message History

You hit the electric eel but do no damage.
The electric eel is heavily wounded.
You constrict the electric eel.
The electric eel shoots out a bolt of lightning at you!
The bolt of electricity hits you!
You hit the electric eel but do no damage.
You squeeze the electric eel.
You kill the electric eel!
Your Fighting skill increases to level 4!
The electric eel shoots out a bolt of lightning at you!
The bolt of electricity hits you!
The electric eel shoots out a bolt of lightning at you!
The bolt of electricity hits you!
The electric eel shoots out a bolt of lightning at you!
The bolt of electricity hits you!
* * * LOW HITPOINT WARNING * * *
The electric eel shoots out a bolt of lightning at you!
The bolt of electricity hits you!
You die...
Your body disappears without a glow.

#.≈≈##≈≈#
##≈≈............
#.≈##≈≈##
##≈...<........
#.≈#≈≈##
#≈...[........
#.≈#≈##
≈#≈..).........
##≈#≈#
≈#≈............
#≈#≈##
#≈#≈###...####..
#≈#≈≈## ##≈;#≈
###+# #..
#≈##≈≈## ##≈≈##
... ##≈≈###≈@#
##≈≈†≈≈##
#######


You could see an electric eel.

Vanquished Creatures
  A water moccasin (D:5)
  3 ogres (D:5)
  A scorpion (D:6)
  3 electric eels (D:6)
  A crimson imp (D:6)
  A giant frog zombie (D:6)
  3 orc priests (D:4)
  3 worker ants (D:4)
  3 orc wizards (D:4)
  A hound skeleton (D:4)
  A howler monkey skeleton (D:4)
  7 adders
  A shadow imp (D:6)
  An ooze (D:3)
  An adder zombie (D:5)
  6 worms
  A dart slug (D:4)
  7 giant geckos
  11 orcs
  5 giant cockroaches
  14 goblins
  6 hobgoblins
  12 jackals
  3 quokkas
  A ball python (D:3)
  9 bats
  A giant gecko skeleton (D:4)
  5 giant newts
  A jackal zombie (D:5)
  5 kobolds
  8 rats
126 creatures vanquished.

Vanquished Creatures (others)
  An orc priest (D:4)
  An orc wizard (D:4)
  2 orcs (D:4)
4 creatures vanquished.

Grand Total: 130 creatures vanquished

Notes
Turn   | Place    | Note
--------------------------------------------------------------
     0 | D:1      | Lovchig the Octopode Assassin began the quest for the Orb.
     0 | D:1      | Reached XP level 1. HP: 14/14 MP: 1/1
   264 | D:1      | Reached XP level 2. HP: 19/19 MP: 2/2
   499 | D:2      | Found an iron altar of Okawaru.
   554 | D:2      | Reached skill level 6 in Stealth
   573 | D:2      | Reached XP level 3. HP: 18/25 MP: 3/3
  1114 | D:2      | Found a sparkling altar of Nemelex Xobeh.
  1119 | D:2      | Became a worshipper of Nemelex Xobeh the Trickster
  1158 | D:2      | Reached XP level 4. HP: 26/30 MP: 4/4
  1320 | D:3      | Found a faded altar to an unknown god.
  1334 | D:3      | Reached skill level 7 in Stealth
  1338 | D:3      | Received a gift from Nemelex Xobeh
  1585 | D:3      | Reached XP level 5. HP: 27/36 MP: 5/5
  2018 | D:4      | Found a shattered altar of Ashenzari.
  2046 | D:4      | Found a staircase to the Ecumenical Temple.
  2056 | Temple   | Entered the Ecumenical Temple
  2056 | Temple   | Reached * piety under Nemelex Xobeh
  2154 | D:4      | Reached skill level 8 in Stealth
  2287 | D:4      | Reached XP level 6. HP: 17/42 MP: 6/6
  2621 | D:4      | Found a glowing golden altar of the Shining One.
  2623 | D:4      | Found a glowing silver altar of Zin.
  2624 | D:4      | Found a white marble altar of Elyvilon.
  2624 | D:4      | Received a gift from Nemelex Xobeh
  2648 | D:4      | Found an iron altar of Okawaru.
  2780 | D:4      | Found an opulent altar of Gozag.
  2789 | D:4      | Reached skill level 9 in Stealth
  3059 | D:4      | Found an ancient bone altar of Kikubaaqudgha.
  3081 | D:4      | Reached XP level 7. HP: 34/46 MP: 7/7
  3186 | D:4      | Found Gozag's Platinum Reserve.
  3339 | D:5      | Entered Level 5 of the Dungeon
  3901 | D:5      | Reached skill level 10 in Stealth
  4073 | D:6      | Reached XP level 8. HP: 29/54 MP: 8/8
  4356 | D:6      | Found a shadowy altar of Dithmenos.
  4462 | D:6      | Killed from afar by an electric eel

Skill      XL: |  1  2  3  4  5  6  7  8 |
---------------+-------------------------+-----
Stealth        | 6 7 8 9 10 | 10.8
Fighting       | 3 4 |  4.0
Dodging        | 2 3 4 |  4.7
Short Blades   | 3 |  3.6
Throwing       | |  2.0

Action                   |  1- 3 |  4- 6 |  7- 9 || total
-------------------------+-------+-------+-------++-------
Melee: Dagger            |    56 |   140 |    72 ||   268
       Constrict         |    13 |    36 |    14 ||    63
       Tentacles         |     6 |    26 |    12 ||    44
  Use: Scroll            |     7 |     6 |     4 ||    17
       Potion            |       |     1 |       ||     1
 Stab: Sleeping          |    17 |    16 |    14 ||    47
       Distracted        |       |     1 |       ||     1
  Eat: Chunk             |     1 |     6 |     4 ||    11
Armor: Skin              |     4 |     4 |     2 ||    10
Dodge: Dodged            |    24 |    46 |    27 ||    97
